 Dungeon Crawl Stone Soup version 0.28.0-45-g0d030f2227 (webtiles) character file.

Game seed: 7514263365038140998

11647 Labrat the Thaumaturge (level 11, 5/83 (86) HPs)
             Began as a Demigod Conjurer on Apr 1, 2022.
             Quit the game on level 4 of the Abyss.
             The game lasted 00:41:06 (15368 turns).

Labrat the Thaumaturge (Demigod Conjurer)          Turns: 15368, Time: 00:41:07

HP:   5/83 (86)     AC:  3    Str:  8    XL:     11   Next: 27%
MP:   31/31         EV: 28    Int: 32    God:
Gold: 768           SH:  0    Dex: 12    Spells: 26/33 levels left

rFire   + . .      SeeInvis .   O - +2 scimitar (flame)
rCold   . . .      Faith    .   (no shield)
rNeg    . . .      Spirit   .   a - +0 robe
rPois   .          Reflect  .   (no helmet)
rElec   .          Harm     .   (no cloak)
rCorr   .          Rampage  .   (no gloves)
Will    +....                   H - +0 pair of boots
Stlth   ++........              x - amulet of the acrobat
HPRegen 0.00/turn               M - ring of protection from fire
MPRegen 0.22/turn               n - ring of wizardry

@: acrobatic, sick, lightly drained
A: high MP 1, forlorn, divine attributes
a: no special abilities


You were on level 4 of the Abyss.
You visited 2 branches of the dungeon, and saw 13 of its levels.
You visited the Abyss 1 time.

You collected 801 gold pieces.
You spent 33 gold pieces at shops.

Inventory:

Hand Weapons
 O - a +2 scimitar of flaming (weapon)
Missiles
 i - 14 poisoned darts
 D - 3 throwing nets
Armour
 a - a +0 robe (worn)
 H - a +0 pair of boots (worn)
Jewellery
 e - a +6 ring of strength
 n - a ring of wizardry (right hand)
 r - a ring of poison resistance
 x - an amulet of the acrobat (around neck)
 B - a ring of flight
 E - a +6 ring of dexterity
 K - a ring of positive energy
 M - a ring of protection from fire (left hand)
Wands
 y - a wand of paralysis (6)
 C - a wand of digging (5)
 F - a wand of flame (30)
 L - a wand of iceblast (11)
Scrolls
 d - 4 scrolls of amnesia
 f - a scroll of teleportation
 g - 3 scrolls of noise {unknown}
 h - a scroll of summoning {unknown}
 k - 2 scrolls of immolation {unknown}
 l - 3 scrolls of blinking
 p - 4 scrolls of enchant armour {unknown}
 q - 3 scrolls of enchant weapon
 s - 3 scrolls of fear
 t - 2 scrolls of vulnerability {unknown}
 u - 6 scrolls of identify
 v - a scroll of acquirement {unknown}
 I - a scroll of silence {unknown}
Potions
 b - 2 potions of cancellation {unknown}
 c - 4 potions of attraction {unknown}
 j - 3 potions of heal wounds {unknown}
 m - 3 potions of mutation {unknown}
 o - 2 potions of haste {unknown}
 z - a potion of flight {unknown}
 A - 6 potions of curing {unknown}
 G - a potion of brilliance {unknown}
 N - a potion of degeneration {unknown}
Miscellaneous
 J - a phantom mirror (inert)


   Skills:
 - Level 5.0 Fighting
 - Level 5.0 Dodging
 - Level 1.8 Stealth
 + Level 11.5 Spellcasting
 - Level 8.0 Conjurations
 - Level 3.0 Translocations
 - Level 5.0 Evocations


You had 26 spell levels left.
You knew the following spells:

 Your Spells              Type           Power      Damage    Failure   Level
a - Magic Dart            Conj           100%       1d8       1%          1
b - Searing Ray           Conj           100%       2d8       1%          2
c - Iskenderun's Mystic   Conj/Tloc      52%        2d11      1%          4

Your spell library contained the following spells:

 Spells                   Type           Power      Damage    Failure   Level
 Dazzling Flash           Conj/Hex       88%        N/A       1%          3
 Fulminant Prism          Conj/Hex       22%        3d13      1%          4
 Tukima's Dance           Hex            18%        N/A       3%          3
 Passage of Golubria      Tloc           37%        N/A       3%          4
 Yara's Violent Unravell  Hex/Tmut       9%         3d6       28%         5


Dungeon Overview and Level Annotations

Branches:
Dungeon (14/15)            Temple (0/1) D:4            Lair (1/6) D:9
    Orc (0/2) D:10
 Vaults: D:13-14

Shops:
D:1 ?   D:3 (   D:9 :

Annotations:
D:5 2 runed translucent doors, DearestLeader's ghost, novice GnFi
D:11 Nergalle


Innate Abilities, Weirdness & Mutations

You have an increased reservoir of magic. (+10% MP)
You shall have no god before yourself.
Your divine heritage dramatically boosts your attributes as you level up.


Message History

You start resting.
An ufetubus comes into view.
The ufetubus moves out of view.
You start resting.
An ufetubus is nearby!
You start resting.
A small abomination comes into view. 2 golden eyes come into view.
A golden eye comes into view.
An ancient zyme comes into view.
You feel yourself growing ill in the presence of the ancient zyme.
As you read the scroll of teleportation, it crumbles to dust.
You feel strangely unstable.
You feel the power of the Abyss delaying your translocation!
You feel ill. The ancient zyme completely misses you.
The ancient zyme hits you! The ancient zyme completely misses you.
The ancient zyme closely misses you. The ancient zyme completely misses you.
The ancient zyme misses you. The ancient zyme closely misses you.
The ancient zyme completely misses you. The ancient zyme completely misses you.
The ancient zyme hits you!
* * * LOW HITPOINT WARNING * * *
You feel ill.
The ancient zyme completely misses you. x2
You are suddenly pulled into a different region of the Abyss!
A worldbinder comes into view.
The worldbinder calls forth creatures from the Swamp!
The worldbinder calls forth creatures from the Swamp!
The worldbinder calls forth creatures from the Swamp!
The swamp drake breathes poison at you.
The noxious blast engulfs the goliath frog but does no damage.
The goliath frog is engulfed in noxious fumes.
The goliath frog is engulfed in noxious fumes.
The worldbinder completely misses you. x2
The worldbinder calls forth creatures from the Swamp!
The goliath frog disappears in a puff of smoke!
The bog body gestures at you while chanting.
The bolt of cold hits the bog body!
The bog body resists.
The bolt of cold misses you. The bolt of cold hits you!!
* * * LOW HITPOINT WARNING * * *
Are you sure you want to abandon this character and quit the game? (Confirm with "yes".)

## . .... ..## #.
.#....##.# .... # #
#..#...#.##..####..
.........##...##.##
. #k#..k.....# #
.####..# ##○....##
##.##x###.# #####..
#..#n.# #... #.
#@#..# ###. #.n..#
#.# ###.#.# #..
###... ###. .#. ###
#


You could see a bog body (summoned).

Vanquished Creatures
  A hydra (D:11)
  A centaur warrior (D:14)
  2 two-headed ogres (D:11)
  A deep elf pyromancer (D:14)
  A cyclops (D:11)
  A manticore (D:11)
  2 kobold demonologists
  An efreet (D:14)
  A wyvern (D:9)
  2 wraiths
  2 vampire mosquitoes (D:10)
  3 wargs (D:9)
  An acid dragon (D:11)
  3 water moccasins
  A black bear (D:7)
  5 orc warriors
  3 ice beasts
  A hornet zombie (D:8)
  A sky beast (D:7)
  2 necrophages (D:4)
  3 ogres
  A boggart (shapeshifter) (D:14)
  6 centaurs
  A phantom (D:7)
  A kobold brigand (D:9)
  A bullfrog (D:9)
  4 scorpions
  2 gnoll sergeants (D:8)
  5 wights
  3 howler monkeys (D:9)
  A bullfrog zombie (D:4)
  4 centaur zombies
  2 jellies
  10 orc priests
  A bullfrog skeleton (D:6)
  2 iguanas
  15 orc wizards
  A hound skeleton (D:4)
  A howler monkey zombie (D:6)
  11 gnolls
  A howler monkey skeleton (D:5)
  8 adders
  2 shadow imps (D:4)
  3 white imps
  3 ufetubi
  A worm (D:2)
  3 dart slugs
  43 orcs
  4 bats
  5 endoplasms
  3 giant cockroaches
  6 goblins
  8 hobgoblins
  7 jackals
  2 quokkas (D:2)
  11 ball pythons
  2 frilled lizards
  7 kobolds
  5 rats
234 creatures vanquished.

Vanquished Creatures (collateral kills)
  A skeletal warrior (D:14)
  An efreet (D:14)
2 creatures vanquished.

Vanquished Creatures (others)
  4 fungi (D:5)
  4 plants
  2 starspawn tentacles (Abyss:3)
10 creatures vanquished.

Grand Total: 246 creatures vanquished

Notes
Turn   | Place    | Note
-------+----------+-------------------------------------------
     0 | D:1      | Labrat the Demigod Conjurer began the quest for the Orb.
     0 | D:1      | Reached XP level 1. HP: 14/14 MP: 5/5
   160 | D:1      | Reached skill level 2 in Spellcasting
   307 | D:1      | Reached XP level 2. HP: 20/20 MP: 5/7
   659 | D:1      | Learned a level 2 spell: Searing Ray
  1044 | D:1      | Found Tenuasos's Magic Scroll Boutique.
  1051 | D:1      | Bought a scroll of teleportation for 33 gold pieces
  1306 | D:1      | Reached XP level 3. HP: 26/26 MP: 7/9
  2127 | D:3      | Found Depryh's Antique Weapon Shop.
  2340 | D:3      | Reached XP level 4. HP: 33/33 MP: 2/11
  2341 | D:3      | Reached skill level 3 in Spellcasting
  2942 | D:4      | Found a transporter.
  2943 | D:4      | Noticed a kobold demonologist
  2993 | D:4      | Noticed a necrophage
  3159 | D:4      | Reached XP level 5. HP: 29/38 MP: 6/13
  3254 | D:4      | Reached skill level 4 in Spellcasting
  3254 | D:4      | Reached skill level 5 in Conjurations
  3515 | D:4      | Found a transporter.
  3655 | D:4      | Noticed an ogre
  3664 | D:4      | Killed an ogre
  3665 | D:4      | Reached XP level 6. HP: 34/45 MP: 8/16
  3672 | D:4      | Learned a level 4 spell: Iskenderun's Mystic Blast
  3780 | D:4      | Reached skill level 5 in Spellcasting
  3780 | D:4      | Reached skill level 1 in Fighting
  4096 | D:4      | Found a staircase to the Ecumenical Temple.
  4321 | D:5      | Entered Level 5 of the Dungeon
  4331 | D:5      | Reached XP level 7. HP: 56/56 MP: 10/17
  4732 | D:5      | Found a large runed translucent door.
  4732 | D:5      | Found a large runed translucent door.
  4925 | D:5      | Noticed DearestLeader's ghost (novice GnFi)
  5577 | D:6      | Reached XP level 8. HP: 67/67 MP: 7/19
  5772 | D:6      | Reached skill level 5 in Dodging
  5787 | D:6      | Reached skill level 5 in Fighting
  6270 | D:6      | Reached skill level 1 in Translocations
  7637 | D:8      | Reached skill level 6 in Spellcasting
  7717 | D:8      | Reached XP level 9. HP: 74/74 MP: 7/21
  8619 | D:9      | Found Daskog's Book Boutique.
  8758 | D:9      | Reached skill level 7 in Spellcasting
  9898 | D:9      | Reached skill level 8 in Spellcasting
 10065 | D:9      | Found a staircase to the Lair.
 10215 | D:9      | Reached skill level 1 in Evocations
 10482 | D:10     | Entered Level 10 of the Dungeon
 10496 | D:10     | Reached XP level 10. HP: 79/81 MP: 2/26
 11226 | D:10     | Reached skill level 5 in Evocations
 11720 | D:10     | Found a staircase to the Orcish Mines.
 12061 | D:4      | Noticed a sixfirhy
 12488 | Lair:1   | Entered Level 1 of the Lair of Beasts
 12488 | Lair:1   | Noticed a four-headed hydra
 12535 | D:11     | Noticed a two-headed ogre
 12545 | D:11     | Killed a two-headed ogre
 12546 | D:11     | Reached skill level 9 in Spellcasting
 12613 | D:11     | Noticed a cyclops
 12748 | D:11     | Noticed a five-headed hydra
 12969 | D:11     | Noticed a two-headed ogre
 12975 | D:11     | Killed a two-headed ogre
 13262 | D:11     | Killed a five-headed hydra
 13263 | D:11     | Reached skill level 10 in Spellcasting
 13663 | D:11     | Noticed a manticore
 13674 | D:11     | Killed a manticore
 13751 | D:11     | Killed a cyclops
 13752 | D:11     | Reached XP level 11. HP: 86/86 MP: 16/30
 14177 | D:11     | Noticed Nergalle
 14191 | D:11     | You fall into a shaft and drop 3 floors!
 14246 | D:14     | Noticed a deep elf pyromancer
 14355 | D:14     | Noticed a skeletal warrior
 14398 | D:14     | Killed a deep elf pyromancer
 14591 | D:14     | Noticed a centaur warrior
 14647 | D:14     | Killed a skeletal warrior
 14648 | D:14     | Reached skill level 11 in Spellcasting
 14723 | D:14     | Killed a centaur warrior
 15103 | D:14     | Noticed a wizard
 15104 | D:14     | Cast into level 2 of the Abyss (a wizard)
 15121 | Abyss:2  | Noticed a revenant
 15190 | Abyss:3  | Noticed a deep elf sorcerer
 15225 | Abyss:3  | Noticed a bog body
 15225 | Abyss:3  | Noticed a bog body
 15228 | Abyss:3  | Noticed a bog body
 15233 | Abyss:3  | Noticed a tentacled starspawn
 15237 | Abyss:3  | Noticed a merfolk aquamancer
 15240 | Abyss:3  | Noticed a bog body
 15240 | Abyss:3  | Noticed a bog body
 15240 | Abyss:3  | Noticed a bog body
 15341 | Abyss:4  | Noticed a bog body
 15341 | Abyss:4  | Noticed a bog body
 15358 | Abyss:4  | Noticed a goliath frog
 15366 | Abyss:4  | Noticed a bog body
 15366 | Abyss:4  | Noticed a bog body
 15368 | Abyss:4  | Quit the game

Illustrated notes

Levels and vault maps discovered:
D:1:      kilobyte_arrival_exit_the_forest, layout_basic,
          nicolae_ecumenical_snake_handling, serial_shops, shop_scrolls,
          due_unseen_surprise
D:2:      layout_rooms
D:3:      layout_basic, serial_shops, shop
D:4:      gammafunk_wand_slinger, layout_basic, minmay_temple_entry_offerings,
          minivault_14
D:5:      layout_rooms, ebering_ghost_disaster_area, water_boxes_lemuel
D:6:      layout_basic
D:7:      layout_basic
D:8:      layout_rooms
D:9:      layout_long_grid, erik_lair_orcish_takeover, serial_rivers,
          chequers_serial_rivers_micro_a, chequers_serial_rivers_micro_c,
          chequers_serial_rivers_micro_e, chequers_serial_rivers_micro_e,
          serial_shops, nicolae_shop_waterfront
D:10:     layout_long_grid, kennysheep_mini_moat, hiddenorc1_lemuel
D:11:     layout_small_grid, uniq_nergalle
D:14:     layout_layer_cave
Lair:1:   layout_regular_city
Abyss:4:  base: D:1, bh_abyss_exit_spiral, grunt_abyss_rune_forest_and_sorcery

Skill      XL: |  1  2  3  4  5  6  7  8  9 10 11 |
---------------+----------------------------------+-----
Spellcasting   | 2 3 4 5 6 8 10 11 | 11.5
Conjurations   | 4 5 6 8 |  8.0
Fighting       | 2 4 5 |  5.0
Dodging        | 2 4 5 |  5.0
Translocations | 3 |  3.0
Evocations     | 2 5 |  5.0
Stealth        | |  1.8

Action                   |  1- 3 |  4- 6 |  7- 9 | 10-12 || total
-------------------------+-------+-------+-------+-------++-------
Melee: Unarmed           |     2 |       |    10 |       ||    12
       Dagger            |       |       |    55 |    58 ||   113
       Punch             |       |       |     1 |     1 ||     2
       Scimitar          |       |       |       |    10 ||    10
 Cast: Magic Dart        |    93 |    46 |   153 |    29 ||   321
       Searing Ray       |     4 |    18 |    66 |    43 ||   131
       Iskenderun's Myst |       |       |    25 |    53 ||    78
Evoke: Wand              |       |       |       |    11 ||    11
       Phantom mirror    |       |       |       |     1 ||     1
  Use: Scroll            |       |       |       |     7 ||     7
 Stab: Paralysed         |       |       |       |     8 ||     8
Armor: Robe              |     6 |     2 |    13 |    11 ||    32
Dodge: Dodged            |    13 |    13 |   125 |   153 ||   304
